 Dungeon Crawl Stone Soup version bcrawl-1.38.3 (webtiles) character file.

Game seed: 18073258119828308563

107892 MisterOstroum the Skirmisher (level 2, 25/26 HPs)
             Began as a Sand Dwarf Spelunker on June 12, 2023.
             Quit the game on level 1 of the Dungeon.
             The game lasted 00:01:24 (244 turns).

MisterOstroum the Skirmisher (Sand Dwarf Spelunker)  Turns: 244, Time: 00:01:25

Health: 25/26      AC:  4    Str: 16    XL:     2   Next: 25%
Magic:  5/5        EV: 13    Int: 12    God:
Gold:   0          SH:  0    Dex: 10    Spells: 2/5 levels left

rFire    . . .     GDR:     23% a - +2 dagger (venom)
rCold    . . .     SeeInvis .   (shield restricted)
rNeg     . . .     Gourm    .   b - +0 leather armour
rPois    .         Faith    .   (no helmet)
rElec    .         Spirit   .   (no cloak)
rCorr    .         Reflect  .   (no gloves)
MR       .....                  c - +0 pair of boots
Stlth    ++........             (no amulet)
HPRegen  0.14/turn              (no ring)
MPRegen  0.09/turn              (no ring)

@: slow
A: small, slowness 1, armour attunement
a: no special abilities


You were on level 1 of the Dungeon.
You were not hungry.

You visited 1 branch of the dungeon, and saw 1 of its levels.

Inventory:

Hand Weapons
 a - a +2 dagger of venom (weapon)
Missiles
 h - 304 arrows
 j - 116 stones (quivered)
 k - 53 poisoned tomahawks
Armour
 b - a +0 leather armour (worn)
 c - a +0 pair of boots (worn)
Wands
 d - a wand of digging (10)
Scrolls
 f - a scroll of noise
Potions
 i - a potion of degeneration {unknown}
Miscellaneous
 g - a lamp of fire
Comestibles
 e - 2 rations {!d}
 l - 2 chunks of flesh


   Skills:
 + Level 3.1 Fighting
 - Level 1.5 Short Blades
 + Level 0.9 Armour
 + Level 0.4 Dodging
 - Level 2.4 Stealth
 - Level 2.0 Spellcasting
 - Level 1.5 Hexes
 - Level 1.5 Transmutations
 - Level 2.4 Earth Magic
 - Level 2.6 Evocations


You had 2 spell levels left.
You knew the following spells:

 Your Spells              Type           Power        Failure   Level  Hunger
a - Corona                Hex            #......      14%         1    None
b - Passwall              Tmut/Erth      #.......     19%         2    ##.....
Your spell library was empty.

Dungeon Overview and Level Annotations

Branches:
Dungeon (1/12)

Altars:


Innate Abilities, Weirdness & Mutations

You are small and have problems with some larger weapons.
You cover ground slowly.
Armour does not affect your spellcasting.


Message History

The dart slug bites you.
You hit the dart slug.
The dart slug is moderately wounded.
You hit the dart slug.
The dart slug is moderately wounded.
The dart slug bites you.
You hit the dart slug.
The dart slug is heavily wounded.
The dart slug misses you.
You hit the dart slug.
You kill the dart slug!
Your Fighting skill increases to level 3!
No target in view!
Magic restored.
A goblin comes into view. It is wielding a +0 club.
You see here 114 stones.
A goblin is nearby!
Unknown command.
A goblin is nearby!
The goblin shouts!
The goblin misses you.
You hit the goblin.
The goblin is moderately wounded.
The goblin hits you but does no damage.
You closely miss the goblin.
The goblin is moderately wounded.
The goblin barely misses you.
You closely miss the goblin.
The goblin is moderately wounded.
The goblin hits you but does no damage.
You hit the goblin.
You kill the goblin!
You have reached level 2!
A bat comes into view.
You see here 53 poisoned tomahawks.
A bat is nearby!
A bat is nearby!
k - 53 poisoned tomahawks A bat is nearby!
A bat is nearby!
The bat hits you but does no damage.
A bat is nearby!
You hit the bat.
The bat is poisoned.
The bat is moderately wounded.
You kill the bat!
You butcher the goblin corpse.
l - a chunk of flesh
Things that are here:
a +0 club; a goblin skeleton
Things that are here:
a +0 club; a goblin skeleton
j - 116 stones (gained 114)
A hobgoblin comes into view.
The hobgoblin hits you but does no damage.
You closely miss the hobgoblin. The hobgoblin closely misses you.
You hit the hobgoblin but do no damage.
The hobgoblin is poisoned.
The hobgoblin barely misses you.
You hit the hobgoblin.
You kill the hobgoblin!
No target in view!
No target in view!
No target in view!
No target in view!
No target in view!
No target in view!
No target in view!
No target in view!
No target in view!
No target in view!
No target in view!
No target in view!
No target in view!
e - 2 rations {!d} (gained 1)
You butcher the hobgoblin corpse.
l - 2 chunks of flesh (gained 1)
You see here a hobgoblin skeleton. x2
A rat comes into view.
The rat twitches its whiskers.
A rat is nearby!
A rat is nearby!
A rat is nearby!
A rat is nearby!
A frilled lizard comes into view.
The rat bites you.
You barely miss the rat. The rat completely misses you.
You hit the rat.
You kill the rat!
You see here a rat corpse.
The frilled lizard hisses angrily.
You hear a shout!
You hit the frilled lizard.
You kill the frilled lizard!
No target in view!
No target in view!
No target in view!
A worm comes into view.
You see here a frilled lizard corpse.
A worm is nearby!
Are you sure you want to abandon this character and quit the game? (Confirm with "yes".)
Okay, then.
Are you sure you want to abandon this character and quit the game? (Confirm with "yes".)

..#....#
#######.#
..#....#
#.#.####
#.#†#
#...#
##.## #.#
#@#
#..[w.#
#.###..
#.#.
#.... ###
#. .# #


You could see a worm.

Vanquished Creatures
  A dart slug (D:1)
  A giant cockroach (D:1)
  A goblin (D:1)
  A hobgoblin (D:1)
  A kobold (D:1)
  A bat (D:1)
  A frilled lizard (D:1)
  2 rats (D:1)
9 creatures vanquished.

Notes
Turn   | Place    | Note
-------+----------+-------------------------------------------
     0 | D:1      | MisterOstroum the Sand Dwarf Spelunker began the quest for
                  | the Orb.
     0 | D:1      | Reached XP level 1. HP: 18/18 MP: 3/3
   165 | D:1      | Reached skill level 3 in Fighting
   187 | D:1      | Reached XP level 2. HP: 26/26 MP: 5/5
   244 | D:1      | Quit the game

Skill      XL: |  1 |
---------------+----+-----
Fighting       | 3 |  3.1
Short Blades   | |  1.5
Armour         | |  0.9
Dodging        | |  0.4
Stealth        | |  2.4
Spellcasting   | |  2.0
Hexes          | |  1.5
Transmutations | |  1.5
Earth Magic    | |  2.4
Evocations     | |  2.6

Action                   || total
-------------------------++-------
Melee: Dagger            ||    29
 Cast: Passwall          ||     1
Armor: Leather armour    ||     4
Dodge: Dodged            ||    15
